Map: New Repugnancy LE

Players

Dnopy - Winner!

  • Race: Zerg Zerg
  • League: Master
  • Spawn Location: 7:00

Mez

  • Race: Terran Terran
  • League: Master
  • Spawn Location: 1:00

VOD

Have the link to the VOD?

Description

Time

  • Played on: July 31, 2019, 4:30 a.m.
  • Length: 6:07
Show
View Real Time Build Order
Export as new Build Order

Dnopy Zerg - Winner!

Build Orders: Hatch First 

Get SALT Encoding   

  12  0:00  Drone  
  13  0:12  Overlord  
  13  0:17  Drone  
  14  0:30  Drone x2  
  14  0:34  Drone  
  17  0:51  Hatchery  
  17  0:54  Drone  
  17  0:58  Drone  
  17  1:00  Extractor  
  17  1:06  Drone  
  18  1:16  Spawning Pool  
  17  1:21  Drone  
  18  1:29  Drone  
  19  1:38  Overlord  
  19  1:49  Drone  
  20  2:00  Drone  
  21  2:03  Metabolic Boost, Queen  
  21  2:06  Queen  
  25  2:10  Zergling x2  
  26  2:15  Zergling x2  
  26  2:16  Zergling x2  
  28  2:30  Hatchery  
  28  2:32  Drone  
  28  2:36  Drone  
  29  2:46  Drone x3  
  29  2:47  Drone  
  33  2:53  Overlord  
  33  2:58  Drone  
  34  3:07  Drone  
  34  3:11  Drone  
  36  3:24  Drone x5  
  36  3:25  Drone x2  
  42  3:35  Drone x2  
  43  3:48  Lair, Extractor  
  43  3:50  Roach Warren  
  43  3:53  Drone x2, Extractor  
  43  3:54  Drone x4  
  43  3:55  Queen  
  47  4:04  Overlord  
  47  4:10  Drone  
  48  4:22  Overlord x2  
  48  4:26  Queen  
  50  4:31  Pneumatized Carapace  
  50  4:40  Overlord  
  50  4:42  Roach x8  
  50  4:44  Zergling x2  
  50  4:45  Zergling x2  
  68  4:54  Overlord  
  68  4:56  Zergling x12  
  74  5:06  Overseer  
  74  5:09  Zergling x6  
  74  5:12  Overlord  
  77  5:19  Ravager x3  
  80  5:21  Zergling x4  
  80  5:22  Zergling x12  
  88  5:29  Ravager  
  88  5:35  Overlord  
  89  5:40  Ravager  
Show
View Real Time Build Order
Export as new Build Order

Mez Terran 

Build Orders: Reaper Expand 

Get SALT Encoding   

  12  0:01  SCV  
  13  0:14  SCV  
  14  0:23  Supply Depot  
  14  0:26  SCV  
  15  0:44  SCV  
  15  0:47  Barracks  
  16  0:50  Refinery  
  16  0:56  SCV  
  17  1:08  SCV  
  18  1:21  SCV  
  19  1:34  Reaper, Orbital Command  
  20  1:40  Command Center  
  20  1:54  Barracks  
  20  2:00  SCV  
  21  2:05  Barracks  
  21  2:12  Barracks Reactor  
  21  2:13  SCV  
  22  2:20  Supply Depot  
  22  2:25  SCV  
  23  2:46  Barracks Tech Lab  
  23  2:47  Marine  
  23  2:48  SCV  
  25  2:53  Orbital Command  
  25  2:58  Barracks Reactor  
  25  3:00  SCV  
  26  3:06  Barracks Reactor  
  26  3:09  Marine  
  26  3:21  Combat Shield  
  25  3:27  Marine  
  25  3:31  SCV x2  
  24  3:43  Barracks Reactor  
  24  3:44  Marine x2  
  24  3:45  Marine  
  26  3:52  SCV  
  26  3:53  SCV  
  28  4:02  Marine  
  29  4:10  Supply Depot  
  29  4:11  Marine x2  
  29  4:13  Engineering Bay  
  29  4:15  SCV, Command Center  
  29  4:16  SCV  
  33  4:20  Marine  
  33  4:22  Marine x2  
  36  4:27  SCV  
  36  4:31  Marine x2  
  37  4:33  SCV  
  37  4:36  Supply Depot  
  40  4:39  Marine  
  40  4:42  Supply Depot  
  40  4:45  Marine x2  
  43  4:46  SCV  
  43  4:47  SCV  
  43  4:49  Marine  
  46  4:58  SCV  
  46  4:59  SCV  
  48  5:07  Refinery  
  48  5:08  Refinery, Marine x3  
  48  5:09  Marine x2  
  48  5:10  SCV  
  48  5:13  SCV  
  55  5:23  SCV  
  55  5:25  SCV  
  55  5:26  Marine x2  
  59  5:29  Orbital Command  
  59  5:35  SCV  
  60  5:36  Marine x2  
  60  5:37  Marine  
  63  5:43  Factory  
  63  5:48  Supply Depot  
  63  5:49  Marine x2, Supply Depot x3  
Tags
 
Add a new tag
Caveats
  • Supply blocks, unpowered buildings, or Contaminate may cause inaccurate times.
  • Supply counts are checked every 10 seconds.